 Dungeon Crawl Stone Soup version 0.25.1-2-g60ff931df9 (webtiles) character file.

Game seed: 14523134624756789287

10071 nikku the Cleaver (level 11, 0/101 HPs)
             Began as a Hill Orc Fighter on Nov 18, 2020.
             Was an Elder of Makhleb.
             Slain by an unseen horror (5 damage)
             ... on level 9 of the Dungeon.
             The game lasted 00:24:57 (12429 turns).

nikku the Cleaver (Hill Orc Fighter)               Turns: 12429, Time: 00:24:58

Health: 0/101      AC: 18    Str: 23    XL:     11   Next: 56%
Magic:  11/11      EV:  7    Int:  8    God:    Makhleb [****..]
Gold:   406        SH: 12    Dex: 10    Spells: 10/10 levels left

rFire    . . .     SeeInvis .   a - +2 war axe
rCold    . . .     Gourm    .   c - +0 kite shield
rNeg     . . .     Faith    .   j - +0 chain mail
rPois    .         Spirit   .   (no helmet)
rElec    .         Reflect  .   (no cloak)
rCorr    +         Harm     .   p - +0 pair of gloves
MR       .....                  g - +0 pair of boots
Stlth    ..........             (no amulet)
HPRegen  0.26/turn              o - +4 ring of protection
MPRegen  0.12/turn              u - ring of resist corrosion

@: no status effects
A: no striking features
a: Minor Destruction, Lesser Servant of Makhleb, Major Destruction, Renounce
Religion


You were on level 9 of the Dungeon.
You worshipped Makhleb.
Makhleb was greatly pleased with you.
You were near starving.

You visited 1 branch of the dungeon, and saw 10 of its levels.

You collected 406 gold pieces.

Inventory:

Hand Weapons
 a - a +2 war axe (weapon)
Missiles
 e - 5 silver boomerangs
 h - 50 poisoned darts (quivered)
 l - 2 boomerangs
Armour
 c - a +0 kite shield (worn)
 g - a +0 pair of boots (worn)
 j - a +0 chain mail (worn)
 p - a +0 pair of gloves (worn)
Jewellery
 n - an uncursed amulet of reflection
 o - a +4 ring of protection (left hand)
 u - a ring of resist corrosion (right hand)
Wands
 w - a wand of paralysis (7)
Scrolls
 q - 6 scrolls of teleportation
 r - 2 scrolls of remove curse
Potions
 d - a potion of degeneration {unknown}
 i - 2 potions of mutation
 k - a potion of flight {unknown}
 m - 2 potions of invisibility
 t - 2 potions of cancellation {unknown}
 v - a potion of heal wounds
Comestibles
 f - 11 rations


   Skills:
 + Level 10.9 Fighting
 + Level 11.4 Axes
 + Level 10.5 Armour
 + Level 10.5 Shields
 + Level 1.0 Invocations


You had 10 spell levels left.
You didn't know any spells.
Your spell library contained the following spells:

 Spells                   Type           Power        Failure   Level  Hunger
 Foxfire                  Conj/Fire      #...         99%         1    ##.....
 Shock                    Conj/Air       #...         99%         1    ##.....
 Sting                    Tmut/Pois      #...         99%         1    ##.....
 Poisonous Vapours        Pois/Air       #.....       100%        2    ###....
 Swiftness                Chrm/Air       #.......     100%        2    ###....
 Conjure Flame            Conj/Fire      #.......     100%        3    ####...
 Ignite Poison            Fire/Tmut/Pois #.......     100%        3    ####...
 Inner Flame              Hex/Fire       #.......     100%        3    ####...
 Mephitic Cloud           Conj/Pois/Air  #.......     100%        3    ####...
 Static Discharge         Conj/Air       #.......     100%        3    ####...
 Airstrike                Air            #.........   100%        4    #####..
 Olgreb's Toxic Radiance  Pois           #.......     100%        4    #####..
 Sticky Flame             Conj/Fire      #.......     100%        4    #####..
 Fireball                 Conj/Fire      #.........   100%        5    ######.
 Lightning Bolt           Conj/Air       #.........   100%        5    ######.


Dungeon Overview and Level Annotations

Branches:
Dungeon (10/15)            Temple (0/1) D:7            Lair (0/6) D:9
    Orc: D:9-12

Altars:
Ashenzari
Dithmenos
Hepliaklqana
Kikubaaqudgha
Makhleb
Qazlal
Sif Muna
Vehumet
Wu Jian
Yredelemnul

Shops:
D:7 (   D:8 [


Message History

Deactivating autopickup; reactivate with Ctrl-A.
You hit something but do no damage. Something hits you but does no damage.
You block something's attack.
There is a stone staircase leading down here.
Something hits you but does no damage.
You closely miss something. Something hits you!
* * * LOW HITPOINT WARNING * * *
You block something's attack.
There is a stone staircase leading down here.
You miss something. Something hits you.
* * * LOW HITPOINT WARNING * * *
You closely miss something. Something hits you but does no damage.
Something hits you but does no damage. Something hits you but does no damage.
Something hits you.
* * * LOW HITPOINT WARNING * * *
Something hits you.
* * * LOW HITPOINT WARNING * * *
Something hits you.
You die...

..##..#### #.####.## ###
##.......## ###..#..## ##.####
###.......######..##..## ##......
###..####.......>####.## #.......
##..####......#..## #..###.......
.#.###............###............
...##..............#.............
...#..................#..........
#...............@....#...#.......
##......................##.......
#.....................###.......
##............>.......## ##......
#......................# #......
#......................# ##.(...
.......................# #......
.......................####......
)................................


There were no monsters in sight!

Vanquished Creatures
  A two-headed ogre (D:9)
  Pikel (D:7)
  2 centaur skeletons (D:8)
  A troll (D:8)
  Prince Ribbit (D:6)
  A hippogriff (D:7)
  A human (D:7)
  A wraith (D:7)
  4 hogs (D:7)
  2 hungry ghosts
  2 wargs
  Menkaure (D:4)
  Duvessa (D:5)
  2 water moccasins
  3 orc warriors
  3 ice beasts
  5 sky beasts
  4 phantoms
  4 slaves (D:7)
  A black bear (D:8)
  5 ogres
  A necrophage (D:8)
  4 centaurs (D:5)
  2 big kobolds
  9 bullfrogs
  A wyvern zombie (D:9)
  A wyvern skeleton (D:10)
  4 scorpions
  A water moccasin zombie (D:7)
  Dowan (D:5)
  25 killer bees
  9 wights (D:8)
  8 howler monkeys
  2 crimson imps
  A quasit (D:7)
  A bullfrog zombie (D:6)
  A bullfrog skeleton (D:7)
  2 jellies
  4 orc priests
  2 hounds
  7 orc wizards
  4 iguanas
  6 worker ants
  A hound zombie (D:6)
  3 hound skeletons
  A worker ant zombie (D:7)
  8 gnolls
  9 adders
  3 shadow imps
  An ooze (D:1)
  An adder skeleton (D:4)
  2 worms
  2 dart slugs
  6 leopard geckos
  28 orcs
  5 giant cockroaches
  10 goblins
  8 hobgoblins
  4 jackals (D:3)
  4 quokkas
  3 ball pythons
  7 bats
  8 frilled lizards
  18 kobolds
  A leopard gecko zombie (D:8)
  9 rats
284 creatures vanquished.

Vanquished Creatures (others)
  A bush (D:7)
1 creature vanquished.

Grand Total: 285 creatures vanquished

Notes
Turn   | Place    | Note
-------+----------+-------------------------------------------
     0 | D:1      | nikku the Hill Orc Fighter began the quest for the Orb.
     0 | D:1      | Reached XP level 1. HP: 19/19 MP: 1/1
   132 | D:1      | Reached XP level 2. HP: 26/27 MP: 2/2
   425 | D:1      | Reached skill level 3 in Axes
   855 | D:2      | Reached XP level 3. HP: 27/33 MP: 3/3
   967 | D:2      | Found a shadowy altar of Dithmenos.
   968 | D:2      | Found a stormy altar of Qazlal.
  1424 | D:2      | Reached XP level 4. HP: 37/40 MP: 4/4
  1976 | D:3      | HP: 2/40 [gnoll/+0 flail of draining (7)]
  2279 | D:3      | Reached XP level 5. HP: 46/46 MP: 5/5
  2647 | D:3      | Found an ancient bone altar of Kikubaaqudgha.
  2661 | D:3      | Found a burning altar of Makhleb.
  2664 | D:3      | Found a radiant altar of Vehumet.
  2670 | D:3      | Became a worshipper of Makhleb the Destroyer
  2676 | D:3      | Found a shattered altar of Ashenzari.
  2960 | D:4      | Noticed Menkaure
  2965 | D:4      | Killed Menkaure
  2965 | D:4      | Reached skill level 4 in Axes
  2965 | D:4      | Reached skill level 5 in Armour
  2965 | D:4      | Reached skill level 5 in Shields
  2965 | D:4      | Reached XP level 6. HP: 49/53 MP: 6/6
  3280 | D:4      | Reached skill level 5 in Fighting
  3294 | D:4      | Reached XP level 7. HP: 57/61 MP: 7/7
  3927 | D:5      | Entered Level 5 of the Dungeon
  3935 | D:5      | Noticed Dowan
  3958 | D:5      | Killed Dowan
  3958 | D:5      | Reached skill level 5 in Axes
  4029 | D:5      | Noticed a hungry ghost
  4046 | D:5      | Killed a hungry ghost
  4076 | D:5      | Reached * piety under Makhleb
  4076 | D:5      | Reached XP level 8. HP: 25/70 MP: 8/8
  4306 | D:5      | Noticed Duvessa
  4342 | D:5      | Killed Duvessa
  4342 | D:5      | Reached skill level 6 in Axes
  4694 | D:5      | Reached skill level 7 in Axes
  4818 | D:5      | Reached XP level 9. HP: 79/79 MP: 9/9
  5344 | D:5      | Reached ** piety under Makhleb
  5769 | D:5      | Found a shimmering blue altar of Sif Muna.
  5853 | D:6      | Reached skill level 8 in Axes
  6270 | D:6      | Found a basalt altar of Yredelemnul.
  6333 | D:6      | Noticed Prince Ribbit
  6617 | D:6      | Killed Prince Ribbit
  6949 | D:7      | Found Rinlipyc's Antique Weapon Boutique.
  7408 | D:7      | Found a shadowy altar of Dithmenos.
  7482 | D:7      | Reached skill level 9 in Axes
  7482 | D:7      | Reached XP level 10. HP: 90/90 MP: 10/10
  7640 | D:7      | Noticed Pikel
  7667 | D:7      | Killed Pikel
  7846 | D:7      | Found a staircase to the Ecumenical Temple.
  7937 | D:7      | Reached *** piety under Makhleb
  8399 | D:7      | Reached skill level 10 in Axes
  8523 | D:7      | Found a hazy altar of Hepliaklqana.
  8837 | D:8      | Reached skill level 10 in Fighting
  9150 | D:8      | Reached XP level 11. HP: 99/99 MP: 11/11
  9161 | D:8      | Found a basalt altar of Yredelemnul.
  9199 | D:8      | Found Qucloicubo's Antique Armour Shop.
  9214 | D:8      | Reached **** piety under Makhleb
  9548 | D:8      | Reached skill level 10 in Armour
  9554 | D:8      | Reached skill level 10 in Shields
 10117 | D:8      | Reached skill level 11 in Axes
 10684 | D:9      | Found a staircase to the Lair.
 11016 | D:9      | Noticed a two-headed ogre
 11024 | D:9      | Killed a two-headed ogre
 11660 | D:10     | Entered Level 10 of the Dungeon
 11660 | D:10     | Found an ornate altar of the Wu Jian Council.
 11716 | D:10     | Reached skill level 1 in Invocations
 12427 | D:9      | HP: 5/101 [something (2)]
 12429 | D:9      | Slain by an unseen horror

Illustrated notes

Levels and vault maps discovered:
D:1:      elethiomel_arrival_infinity_welcomes_careful_drivers, layout_basic,
          minmay_octomino_e4
D:2:      layout_loops_cross, nicolae_overflow_hidden_temple
D:3:      layout_rooms, grunt_temple_overflow_cloverleaf, first_ration,
          wad_orctagon
D:4:      layout_cave_pods, uniq_menkaure
D:5:      layout_basic, led_sif_pool, uniq_duvessa
D:6:      layout_basic, yredelemnul_altar_generic, uniq_prince_ribbit1
D:7:      layout_cave_pods, minmay_temple_entry_from_below_a, serial_shops,
          nicolae_shop_overgrown_old_shop, serial_park, serial_park_gazebo
          [serial_park_minivault_5x5_4], serial_park_tiny_2, serial_park_square1
          [serial_park_minivault_5x5_8], grunt_livestock, uniq_pikel
D:8:      layout_basic, basic_altar, serial_shops, nicolae_shop_stone
D:9:      layout_layer_cave, erik_lair_orcish_takeover,
          ebering_dispersal_statue_hall
D:10:     layout_roguey, basic_altar, nooodl_food_tri

Skill      XL: |  1  2  3  4  5  6  7  8  9 10 11 |
---------------+----------------------------------+-----
Axes           | 3 4 5 7 9 10 11 | 11.4
Fighting       | 4 5 6 7 8 10 | 10.9
Shields        | 4 5 6 7 8 9 10 | 10.5
Armour         | 4 5 6 7 8 9 10 | 10.5
Invocations    | 1 |  1.0

Action                   |  1- 3 |  4- 6 |  7- 9 | 10-12 || total
-------------------------+-------+-------+-------+-------++-------
Melee: War axe           |   107 |   140 |   328 |   533 ||  1108
Throw: Boomerang         |       |     1 |       |       ||     1
       Dart              |       |       |    26 |     5 ||    31
  Use: Scroll            |     2 |     8 |     3 |     3 ||    16
       Potion            |       |     1 |     1 |     4 ||     6
  Eat: Chunk             |     2 |     6 |     8 |     9 ||    25
       Ration            |       |       |     2 |     3 ||     5
Armor: Scale mail        |    44 |    57 |   170 |    92 ||   363
       Chain mail        |       |       |       |   418 ||   418
Dodge: Dodged            |    26 |    49 |    94 |   182 ||   351
Block: Kite shield       |    56 |    78 |   233 |   427 ||   794
